 Dungeon Crawl Stone Soup version 0.28.0-45-g0d030f2227 (webtiles) character file.

Game seed: 15089267522127688137

39 Bruhh the Skirmisher (level 3, -1/30 HPs)
             Began as a Human Fighter on Apr 18, 2022.
             Slain by Terence
             ... wielding a +0 hand axe
              (7 damage)
             ... on level 2 of the Dungeon.
             The game lasted 00:02:54 (1088 turns).

Bruhh the Skirmisher (Human Fighter)                Turns: 1088, Time: 00:02:54

Health: -1/30      AC:  6    Str: 18    XL:     3   Next: 70%
Magic:  3/3        EV:  9    Int:  8    God:
Gold:   46         SH:  4    Dex: 12    Spells: 2/2 levels left

rFire   . . .      SeeInvis .   a - +0 war axe
rCold   . . .      Faith    .   c - +0 buckler
rNeg    . . .      Spirit   .   b - +0 scale mail
rPois   .          Reflect  .   (no helmet)
rElec   .          Harm     .   (no cloak)
rCorr   .          Rampage  .   (no gloves)
Will    .....                   (no boots)
Stlth   ..........              (no amulet)
HPRegen 0.10/turn               (no ring)
MPRegen 0.08/turn               (no ring)

@: no status effects
A: no striking features
a: no special abilities


You were on level 2 of the Dungeon.
You visited 1 branch of the dungeon, and saw 2 of its levels.

You collected 46 gold pieces.

Inventory:

Hand Weapons
 a - a +0 war axe (weapon)
Armour
 b - a +0 scale mail (worn)
 c - a +0 buckler (worn)
 e - a +0 cloak
Scrolls
 f - a scroll of silence {unknown}
 g - a scroll of torment {unknown}
 h - a scroll of noise {unknown}
 i - a scroll of enchant weapon {unknown}
 j - a scroll of identify {unknown}
Potions
 d - a potion of might


   Skills:
 * Level 4.3 Fighting
 - Level 2.2 Axes
 - Level 3.0 Armour
 - Level 3.0 Shields


You had 2 spell levels left.
You didn't know any spells.
Your spell library was empty.

Dungeon Overview and Level Annotations

Branches:
Dungeon (2/15)

Altars:

Shops:
D:1 !

Annotations:
D:2 Terence


Message History

There is a stone staircase leading down here.
You climb downwards.
Level annotation: Terence Terence hits you but does no damage.
Terence closely misses you.
There is a stone staircase leading up here.
You barely miss Terence. Terence hits you with a +0 hand axe.
You hit Terence but do no damage. Terence hits you with a +0 hand axe. x2
You hit Terence.
Terence is lightly wounded.
Terence hits you but does no damage.
You hit Terence but do no damage.
Terence is lightly wounded.
Terence hits you with a +0 hand axe!
You are too injured to fight recklessly!
You are too injured to fight recklessly!
You are too injured to fight recklessly!
You are too injured to fight recklessly!
You are too injured to fight recklessly!
You are too injured to fight recklessly!
You are too injured to fight recklessly!
You are too injured to fight recklessly!
You are too injured to fight recklessly!
You are too injured to fight recklessly!
You are too injured to fight recklessly!
You barely miss Terence.
Terence is lightly wounded.
Terence barely misses you. Terence closely misses you.
You barely miss Terence.
Terence is lightly wounded.
Terence hits you with a +0 hand axe.
* * * LOW HITPOINT WARNING * * *
You completely miss Terence.
Terence is lightly wounded.
Terence hits you with a +0 hand axe.
* * * LOW HITPOINT WARNING * * *
You block Terence's attack.
You hit Terence but do no damage.
Terence is lightly wounded.
Terence hits you with a +0 hand axe!
You die...

##.##########
............#
###..........#
............#
#..........#
###..........#
#.......†.@..#
..........@..#
.............#
#.#.##########
#


You could see Terence.

Vanquished Creatures
  An adder (D:1)
  2 dart slugs (D:1)
  2 ball pythons (D:1)
  An endoplasm (D:1)
  A giant cockroach (D:1)
  3 goblins (D:1)
  2 hobgoblins
  2 quokkas (D:1)
  7 bats (D:1)
  3 frilled lizards (D:1)
24 creatures vanquished.

Notes
Turn   | Place    | Note
-------+----------+-------------------------------------------
     0 | D:1      | Bruhh the Human Fighter began the quest for the Orb.
     0 | D:1      | Reached XP level 1. HP: 18/18 MP: 1/1
    75 | D:1      | Reached XP level 2. HP: 20/24 MP: 2/2
   345 | D:1      | Reached XP level 3. HP: 30/30 MP: 3/3
   352 | D:1      | Found Foubron's Distillery.
   438 | D:1      | Reached skill level 4 in Fighting
   908 | D:2      | Noticed Terence
  1088 | D:2      | Slain by Terence

Illustrated notes

Levels and vault maps discovered:
D:1:      lemuel_arrival_funnel, layout_loops_ring, serial_shops,
          nicolae_shop_crystal, minmay_heptomino_w4
D:2:      minmay_door_path, layout_basic, minmay_circle_x, uniq_terence,
          uniq_robin

Skill      XL: |  1  2  3 |
---------------+----------+-----
Fighting       | 4 |  4.3
Axes           | |  2.2
Armour         | |  3.0
Shields        | |  3.0

Action                   || total
-------------------------++-------
Melee: War axe           ||    76
Armor: Scale mail        ||    45
Dodge: Dodged            ||    40
Block: Buckler           ||    21
